 Dungeon Crawl Stone Soup version 0.21.1-1-g345015f (webtiles) character file.

58 Saeniel the Digger (level 3, 0/19 HPs)
             Began as a Deep Elf Earth Elementalist on June 3, 2018.
             Succumbed to an adder's poison
             ... on level 2 of the Dungeon.
             The game lasted 00:06:47 (1393 turns).

Saeniel the Digger (Deep Elf Earth Elementalist)    Turns: 1393, Time: 00:06:48

Health: 0/19       AC:  5    Str:  5    XL:     3   Next: 75%
Magic:  9/9        EV: 13    Int: 20    God:
Gold:   75         SH:  0    Dex: 15    Spells: 7/8 levels left

rFire    . . .     SeeInvis .   f - +0 short sword
rCold    . . .     Gourm    .   (no shield)
rNeg     . . .     Faith    .   c - +0 robe
rPois    .         Spirit   .   (no helmet)
rElec    .         Reflect  .   (no cloak)
rCorr    .         Harm     .   (no gloves)
MR       .....                  (no boots)
Stlth    ++........             (no amulet)
HPRegen  0.06/turn              h - +3 ring of protection
MPRegen  0.11/turn              (no ring)

@: lethally poisoned (0 -> -13)
A: no striking features
a: no special abilities


You were on level 2 of the Dungeon.
You were hungry.

You visited 1 branch of the dungeon, and saw 2 of its levels.

You collected 75 gold pieces.

Inventory:

Hand Weapons
 f - a +0 short sword (weapon)
Armour
 c - a +0 robe (worn)
Jewellery
 h - a +3 ring of protection (left hand)
Scrolls
 a - a scroll of magic mapping
 g - a scroll of teleportation {unknown}
Books
 e - a book of Geomancy

   Spells                             Type                      Level
   a - Sandblast                      Earth                        1
   b - Passwall                       Transmutation/Earth          2
   c - Stone Arrow                    Conjuration/Earth            3
   d - Petrify                        Transmutation/Earth          4
   e - Lee's Rapid Deconstruction     Earth                        5
Comestibles
 d - 7 rations
 i - 5 chunks of flesh


   Skills:
 - Level 0.2 Short Blades
 + Level 3.0 Dodging
 + Level 2.6 Stealth
 - Level 0.3 Unarmed Combat
 + Level 3.3 Spellcasting
   Level 1.1 Transmutations
 * Level 4.5 Earth Magic


You had 7 spell levels left.
You knew the following spells:

 Your Spells              Type           Power        Failure   Level  Hunger
a - Sandblast             Erth           ###...       1%          1    None


Dungeon Overview and Level Annotations

Branches:
Dungeon (2/15)

Altars:


Message History

You hit the adder.
The adder is moderately wounded.
* * * LOW HITPOINT WARNING * * *
You feel sick.
The adder bites you but does no damage. x2
You miss the adder.
The adder is moderately wounded.
The adder barely misses you.
You hit the adder.
The adder is heavily wounded.
* * * LOW HITPOINT WARNING * * *
You feel sick. The adder bites you but does no damage. The adder misses you.
You closely miss the adder.
The adder is heavily wounded.
The adder bites you.
* * * LOW HITPOINT WARNING * * *
You are more poisoned.
The adder poisons you!
You miss the adder.
The adder is heavily wounded.
You die...

.#,,,,* *,,,,,,*,* *,,,,,*
.#,,,,* **#.#*,*,* *,,,,,*
.#,,,,* #.#*,*,****,,,,,**
.#,,,,* #.#*,*,,,,,,,,,,,,
....*** #.#*,******,,,,,**
################.##......,,,,,,*
...............#.##.....#*,######
##############.#.##.....**,......
.....#.......#.#@##....,**,......
####.#.#####.#.#S#*...,,,,,......
#.........#.#.#*#.######......
######.......#.#.###.#...†.......
.......<.......#.......###.......
.###############.......# #.......
.......................# #.......
#####........#######.#.#*#.......
........>..........#.#...#.#.####


You could see an adder.

Vanquished Creatures
  An adder (D:2)
  2 worms (D:2)
  A dart slug (D:1)
  2 ball pythons
  4 bats
  5 giant cockroaches
  5 hobgoblins (D:1)
  7 jackals
  2 frilled lizards (D:1)
  7 kobolds
  2 rats (D:1)
38 creatures vanquished.

Notes
Turn   | Place    | Note
-------+----------+-------------------------------------------
     0 | D:1      | Saeniel the Deep Elf Earth Elementalist began the quest for the Orb.
     0 | D:1      | Reached XP level 1. HP: 10/10 MP: 6/6
   316 | D:1      | Reached XP level 2. HP: 15/15 MP: 6/8
   382 | D:1      | Reached skill level 4 in Earth Magic
   727 | D:1      | Reached XP level 3. HP: 16/19 MP: 2/9
  1393 | D:2      | Succumbed to an adder's poison

Skill      XL: |  1  2  3 |
---------------+----------+-----
Earth Magic    | 4 |  4.5
Dodging        | 3 |  3.0
Short Blades   | |  0.2
Stealth        | |  2.6
Unarmed Combat | |  0.3
Spellcasting   | |  3.3
Transmutations | |  1.1

Action                   || total
-------------------------++-------
Melee: Unarmed           ||    28
       Short sword       ||    82
 Cast: Sandblast         ||    36
  Use: Scroll            ||     3
       Potion            ||     1
 Stab: Sleeping          ||     4
  Eat: Chunk             ||     1
Armor: Robe              ||    48
Dodge: Dodged            ||    89
